 Dungeon Crawl Stone Soup version 0.30.1-4-g462c640d31 (webtiles) character file.

Game seed: 17256416473703993404

66 safid the Chiller (level 4, -13/33 HPs)
             Began as a Merfolk Ice Elementalist on Aug 21, 2023.
             Mangled by an ogre
             ... wielding a +0 giant club
              (19 damage)
             ... on level 3 of the Dungeon.
             The game lasted 00:02:35 (2235 turns).

safid the Chiller (Merfolk Ice Elementalist)        Turns: 2235, Time: 00:02:36

Health: -13/33     AC:  2    Str:  8    XL:     4   Next: 15%
Magic:  5/8        EV: 12    Int: 16    God:
Gold:   95         SH:  0    Dex: 14    Spells: 1/8 levels left

rFire   . . .        e - +0 short sword
rCold   . . .        h - orb {*channel}
rNeg    . . .        a - +0 robe
rPois   .            (no helmet)
rElec   .            (no cloak)
rCorr   .            (no gloves)
SInv    .            (no boots)
Will    .....        (no amulet)
Stlth   ++           (no ring)
HPRegen 0.25/turn    (no ring)
MPRegen 0.11/turn

%: channel magic (20%)
@: no status effects
A: (nimble swimmer 2), mertail
a: no special abilities


You were on level 3 of the Dungeon.
You visited 1 branch of the dungeon, and saw 3 of its levels.

You collected 95 gold pieces.

Inventory:

Hand Weapons
 e - a +0 short sword (weapon)
Armour
 a - a +0 robe (worn)
 h - an orb of energy (worn)
Scrolls
 c - a scroll of enchant armour {unknown}
 d - 2 scrolls of teleportation {unknown}
 k - a scroll of enchant weapon {unknown}
 l - a scroll of immolation
 m - a scroll of brand weapon {unknown}
Potions
 b - a potion of magic
 f - a potion of cancellation {unknown}
 g - a potion of heal wounds {unknown}
 i - a potion of ambrosia {unknown}
 j - a potion of degeneration {unknown}


   Skills:
 + Level 2.1 Fighting
 - Level 2.6 Dodging
 - Level 2.1 Stealth
 + Level 2.8 Spellcasting
 + Level 5.0 Ice Magic


You had one spell level left.
You knew the following spells:

 Your Spells              Type           Power      Damage    Failure   Level
a - Freeze                Ice            72%        1d8       9%          1
b - Frozen Ramparts       Ice            36%        1d6       19%         3
c - Ozocubu's Armour      Ice            18%        N/A       19%         3

Your spell library contained the following spells:

 Spells                   Type           Power      Damage    Failure   Level
 Call Canine Familiar     Summ           2%         N/A       71%         3
 Portal Projectile        Hex/Tloc       4%         N/A       71%         3
 Tukima's Dance           Hex            2%         N/A       71%         3
 Summon Ice Beast         Ice/Summ       10%        N/A       77%         4
 Leda's Liquefaction      Hex/Erth       1%         N/A       96%         4
 Passage of Golubria      Tloc           2%         N/A       96%         4
 Yara's Violent Unravell  Hex/Tmut       1%         3d3       100%        5


Dungeon Overview and Level Annotations

Branches:
Dungeon (3/15)

Altars:


Innate Abilities, Weirdness & Mutations

((You are very nimble when in or above water. (Stealth+, EV+, Speed+++)))
Your lower body shifts to a powerful aquatic tail in water.


Message History

Unknown command.
Casting: Freeze (safe; 9% risk of failure)
Confirm with . or Enter, or press ? or * to list all spells.
Aiming: Freeze (safe; 9% risk of failure)
Press: ? - help, Shift-Dir - straight line, f/p - ogre
Aim: an ogre, wielding a +0 giant club (moderately wounded)
You freeze the ogre.
The ogre is heavily wounded.
Magical energy flows into your mind!
The ogre hits you with a +0 giant club!!
Ouch! That really hurt!
* * * LOW HITPOINT WARNING * * *
Casting: Freeze (safe; 9% risk of failure)
Confirm with . or Enter, or press ? or * to list all spells.
Aiming: Freeze (safe; 9% risk of failure)
Press: ? - help, Shift-Dir - straight line, f/p - ogre
Aim: an ogre, wielding a +0 giant club (heavily wounded)
You freeze the ogre.
The ogre is heavily wounded.
The ogre closely misses you.
Unknown command.
Casting: Freeze (safe; 9% risk of failure)
Confirm with . or Enter, or press ? or * to list all spells.
Aiming: Freeze (safe; 9% risk of failure)
Press: ? - help, Shift-Dir - straight line, f/p - ogre
Aim: an ogre, wielding a +0 giant club (heavily wounded)
You freeze the ogre!
The ogre is severely wounded.
Unknown command.
Casting: Freeze (safe; 9% risk of failure)
Confirm with . or Enter, or press ? or * to list all spells.
Aiming: Freeze (safe; 9% risk of failure)
Press: ? - help, Shift-Dir - straight line, f/p - ogre
Aim: an ogre, wielding a +0 giant club (severely wounded)
You freeze the ogre!
The ogre is almost dead.
Magical energy flows into your mind!
The ogre hits you with a +0 giant club!!
Ouch! That really hurt!
You die...

.# #.# ## ... .. .. ..
.......#.#. ..#.
......#.......###.#. ###
#.#>..........#...J#...
#.#...#..#......#..?.#
#.#.......#.....O.#..#
...#..#......._.@#...###.
..........#.##.....#..#..
............#............
...#.##............#.....
8..#.##......#...#...###.
...#.......#..+.#........
...#.#.................#.
...#.#........###.)..###
...#.#........###....###


You could see an ogre and an endoplasm.

Vanquished Creatures
  An adder (D:2)
  A worm (D:2)
  2 dart slugs
  An orc (D:3)
  4 bats
  5 endoplasms
  2 giant cockroaches
  4 goblins
  4 hobgoblins
  4 jackals (D:2)
  8 ball pythons
  3 frilled lizards
  3 kobolds
  2 rats
44 creatures vanquished.

Notes
Turn   | Place    | Note
-------+----------+-------------------------------------------
     0 | D:1      | safid the Merfolk Ice Elementalist began the quest for the
                  | Orb.
     0 | D:1      | Reached XP level 1. HP: 13/13 MP: 3/3
   147 | D:1      | You fall into a shaft and drop 1 floor!
   192 | D:2      | Reached XP level 2. HP: 13/20 MP: 0/5
   283 | D:2      | Reached skill level 1 in Fighting
   782 | D:1      | Reached XP level 3. HP: 24/26 MP: 6/6
   786 | D:1      | Learned a level 3 spell: Frozen Ramparts
  1552 | D:2      | Learned a level 3 spell: Ozocubu's Armour
  1848 | D:2      | Reached skill level 5 in Ice Magic
  1848 | D:2      | Reached XP level 4. HP: 33/33 MP: 8/8
  2223 | D:3      | Found a faded altar of an unknown god.
  2227 | D:3      | Noticed an ogre
  2235 | D:3      | Mangled by an ogre

Illustrated notes

Levels and vault maps discovered:
D:1:      ncdulo_lavacross, layout_basic, columned_hall_lemuel
D:2:      layout_basic, nicolae_kite_square_tiling_tiny
D:3:      gammafunk_wand_slinger, layout_basic, nicolae_ashenzari_skybound,
          hellmonk_ecumenical_altar_blasted, serial_shops, nicolae_shop_trees,
          dk_noncrumbling_4, chequers_jeans, st_stairs_14, minmay_box_of_dots

Skill      XL: |  1  2  3 |
---------------+----------+-----
Fighting       | 1 2 |  2.1
Ice Magic      | 5 |  5.0
Dodging        | |  2.6
Stealth        | |  2.1
Spellcasting   | |  2.8

Action                     |  1- 3 |  4- 6 || total
---------------------------+-------+-------++-------
  Melee: Unarmed           |    16 |       ||    16
         Short sword       |    57 |     7 ||    64
         Punch             |     1 |       ||     1
   Cast: Freeze            |    34 |     7 ||    41
   Stab: Sleeping          |     4 |     2 ||     6
 Armour: Robe              |    15 |       ||    15
  Dodge: Dodged            |    64 |     2 ||    66
